 Dungeon Crawl Stone Soup version 0.29.1-15-g9cfb28693d (webtiles) character file.

Game seed: 1683293961024112056

81 hawla the Firebug (level 5, -3/35 (38) HPs)
             Began as a Meteoran Fire Elementalist on Mar 7, 2023.
             Killed by an exploding adder (11 damage)
             ... ignited by their inner flame
             ... on level 4 of the Dungeon.
             The game lasted 00:02:18 (184 turns).

hawla the Firebug (Meteoran Fire Elementalist)       Turns: 184, Time: 00:02:20

HP:   -3/35 (38)    AC:  6    Str: 10    XL:     5   Next: 0%
MP:   11/11         EV: 12    Int: 18    God:
Gold: 15            SH:  0    Dex: 14    Spells: 8/11 levels left

rFire   . . .      SeeInvis .   (no weapon)
rCold   . . .      Faith    .   (no shield)
rNeg    . . .      Spirit   .   a - +1 robe
rPois   .          Reflect  .   (no helmet)
rElec   .          Harm     .   (no cloak)
rCorr   .          Rampage  .   (no gloves)
Will    .....                   g - +2 pair of boots
Stlth   +.........              (no amulet)
HPRegen 0.11/turn               (no ring)
MPRegen 0.12/turn               (no ring)

@: glowing, drained
A: sense surroundings 1, otherworldly, glowing, explore regen
a: no special abilities


You were on level 4 of the Dungeon.
You visited 1 branch of the dungeon, and saw 4 of its levels.

You collected 15 gold pieces.

Inventory:

Armour
 a - a +1 robe (worn)
 g - a +2 pair of boots (worn)
Scrolls
 i - a scroll of blinking {unknown}
Potions
 b - a potion of magic
 f - a potion of brilliance


   Skills:
 + Level 2.8 Dodging
 - Level 1.4 Stealth
 + Level 3.6 Spellcasting
 + Level 1.8 Conjurations
 + Level 5.1 Fire Magic


You had 8 spell levels left.
You knew the following spells:

 Your Spells              Type           Power      Damage    Failure   Level
a - Foxfire               Conj/Fire      60%        2x1d7     3%          1
b - Scorch                Fire           42%        2d7       2%          2

Your spell library contained the following spells:

 Spells                   Type           Power      Damage    Failure   Level
 Conjure Flame            Conj/Fire      15%        6-21      11%         3
 Inner Flame              Hex/Fire       12%        N/A       16%         3
 Flame Wave               Conj/Fire      15%        2d7       34%         4


Dungeon Overview and Level Annotations

Branches:
Dungeon (4/15) Zot: 2215
 Temple: D:4-7

Altars:
Xom

Annotations:
D:4 Pikel


Innate Abilities, Weirdness & Mutations

You passively map a small area around you.
You are easily found by Zot.
You glow in the dark.
You regain HP and MP as you explore.


Message History

Found a shimmering altar of Xom.
The adder hisses angrily.
The necrophage is no longer more vulnerable to fire.
Found a shimmering altar of Xom.
The adder attacks as you move away! The adder barely misses you.
The adder bites you but does no damage.
Pikel and a lemure come into view.
Pikel is wielding a +1 whip of flaming.
Found a shimmering altar of Xom.
Pikel shouts!
The lemure shouts!
A lemure comes into view.
Pikel moves out of view.
A lemure comes into view.
Found a leather armour.
Found a shimmering altar of Xom.
The lemure shouts! x2; You hear a shout!
A kobold comes into view. It is wielding a +0 club.
A lemure comes into view.
As you read the scroll labelled IRAUWE SEUSIJI, it crumbles to dust.
It is a scroll of identify.
f - a potion of brilliance The lemure shouts!
The adder barely misses you. The adder bites you but does no damage.
As you read the scroll labelled FOUT FAETAJOMA, it crumbles to dust.
It is a scroll of enchant armour.
Your +0 robe glows green for a moment.
The adder closely misses you.
As you read the scroll labelled ZIZORIPNUU, it crumbles to dust.
The creatures around you are filled with an inner flame!
It was a scroll of immolation.
The adder barely misses you.
As you read the scroll labelled DYGEAL INGI, it crumbles to dust.
Your body is wracked with pain!
* * * LOW HITPOINT WARNING * * *
The adder convulses!
Flame seeps out of the adder.
The black bear convulses!
Flame seeps out of the black bear.
Pikel convulses!
Flame seeps out of Pikel.
It was a scroll of torment.
The adder is engulfed in blazing flames.
The adder explodes!
The fiery explosion engulfs the necrophage!!
You destroy the necrophage!
The fiery explosion engulfs the black bear!!
The fiery explosion engulfs you!
You die...

,... .., , *
########.####.. ........
#.....##....#.##........
.......#................ ,
..............#.._..5_.[
,,
........##.#..#......... ,
................#.K5....
........##.#.#§##5......
........#.....○○@K.5..._,*
.........[...#####......
)............# * #....
.........###.# ,###
<.......## #... , , *
........# #.#.. ** **
.......†.#*#.#.## * *
.............. . *
#............ #


You could see Pikel (inner flame), 4 lemures and a kobold (inner flame).

Vanquished Creatures
  A black bear (D:4)
  A necrophage (D:4)
  A scorpion (D:4)
  2 adders
  A worm (D:2)
  A bat (D:3)
  An endoplasm (D:1)
  2 goblins
  A hobgoblin (D:1)
  2 quokkas (D:1)
  2 ball pythons
  A kobold (D:2)
16 creatures vanquished.

Vanquished Creatures (others)
  33 foxfires
33 creatures vanquished.

Grand Total: 49 creatures vanquished

Notes
Turn   | Place    | Note
-------+----------+-------------------------------------------
     0 | D:1      | hawla the Meteoran Fire Elementalist began the quest for
                  | the Orb.
     0 | D:1      | Reached XP level 1. HP: 14/14 MP: 5/5
    44 | D:1      | Reached XP level 2. HP: 11/20 MP: 2/6
    73 | D:2      | Reached skill level 4 in Fire Magic
    76 | D:2      | Learned a level 2 spell: Scorch
   133 | D:3      | Reached XP level 3. HP: 25/26 MP: 3/8
   135 | D:4      | Noticed a scorpion
   142 | D:4      | Killed a scorpion
   143 | D:4      | Reached skill level 5 in Fire Magic
   143 | D:4      | Reached XP level 4. HP: 16/33 MP: 0/10
   165 | D:4      | Noticed a black bear
   166 | D:4      | Noticed a necrophage
   170 | D:4      | Reached XP level 5. HP: 30/37 MP: 8/11
   174 | D:4      | Found a shimmering altar of Xom.
   176 | D:4      | Found a shimmering altar of Xom.
   179 | D:4      | Found a shimmering altar of Xom.
   179 | D:4      | Noticed Pikel
   179 | D:4      | Noticed a lemure
   179 | D:4      | Noticed a lemure
   180 | D:4      | Found a shimmering altar of Xom.
   180 | D:4      | Noticed a lemure
   180 | D:4      | Noticed a lemure
   184 | D:4      | Killed a necrophage
   184 | D:4      | Killed a black bear
   184 | D:4      | Killed by an exploding adder... ignited by their inner
                  | flame

Illustrated notes

Levels and vault maps discovered:
D:1:      giann_bridges, layout_rooms, serial_shops, shop
D:2:      layout_loops_corners, corexii_shack
D:3:      layout_rooms, shapermc_ecumenical_altar_gd, minivault_24, st_stairs_5,
          palyth_stone_intersect
D:4:      minmay_spotlight, layout_rooms, nicolae_xom_altar_mimics, uniq_pikel,
          uniq_eustachio

Skill      XL: |  1  2  3 |
---------------+----------+-----
Spellcasting   | 3 |  3.6
Fire Magic     | 4 5 |  5.1
Dodging        | |  2.8
Stealth        | |  1.4
Conjurations   | |  1.8

Action                   |  1- 3 |  4- 6 || total
-------------------------+-------+-------++-------
Melee: Unarmed           |     2 |     1 ||     3
 Cast: Foxfire           |    19 |       ||    19
       Scorch            |     3 |     2 ||     5
  Use: Scroll            |       |     4 ||     4
Armor: Robe              |     4 |     7 ||    11
Dodge: Dodged            |     5 |     4 ||     9
